 Dungeon Crawl Stone Soup version 0.18.1-8-gdd0e5ea (webtiles) character file.

351 juanjsm the Sneak (level 6, 0/39 HPs)
             Began as an Octopode Transmuter on June 7, 2016.
             Succumbed to an adder's poison
             ... on level 4 of the Dungeon.
             The game lasted 00:18:06 (4072 turns).

juanjsm the Sneak (Octopode Transmuter)             Turns: 4072, Time: 00:18:06

Health: 0/39       AC:  1    Str:  7 (9)  XL:     6   Next: 61%
Magic:  6/10       EV: 13    Int: 15 (17) God:
Gold:   161        SH:  0    Dex: 12 (13) Spells: 4 memorised, 0 levels left

rFire  + . .     SeeInvis +       - Unarmed
rCold  + . .     Gourm    .     (no shield)
rNeg   . . .     Faith    .     g - +0 hat
rPois  +         Spirit   .     l - amulet of rage
rElec  +         Dismiss  .     (no ring)
rCorr  +         Reflect  .     t - ring of see invisible
SustAt .         Harm     .     (no ring)
MR     .....                    (no ring)
Stlth  ++++......               (no ring)
                                (no ring)
                                (no ring)
                                (no ring)

@: lethally poisoned (0 -> -9), resistant, not resistant to hostile
enchantments, stealthy
A: almost no armour, amphibious, 8 rings, constrict 8, camouflage 1, gelatinous
body 1
a: Evoke Berserk Rage


You were on level 4 of the Dungeon.
You were not hungry.

You visited 1 branch of the dungeon, and saw 5 of its levels.

You collected 161 gold pieces.

Inventory:

Hand Weapons
 y - a +2 dagger of venom
Missiles
 a - 67 arrows
 i - 59 sling bullets
 k - 173 stones (quivered)
 w - 27 poisoned needles
Armour
 g - a +0 hat (worn)
Jewellery
 l - an amulet of rage (around mantle)
 t - a ring of see invisible (right tentacle)
Scrolls
 f - a scroll of noise {unknown}
 h - 3 scrolls of remove curse
 n - 2 scrolls of blinking
 o - a scroll of immolation {unknown}
 q - a scroll of enchant weapon {unknown}
 v - a scroll of amnesia {unknown}
 z - 2 scrolls of fear
Potions
 d - a potion of berserk rage
 m - a potion of curing {unknown}
 r - a potion of cancellation {unknown}
 s - a potion of degeneration
Books
 b - a book of Changes

   Spells                             Type                      Level
   a - Beastly Appendage              Transmutation                1
   b - Sticks to Snakes               Transmutation                2
   c - Spider Form                    Transmutation/Poison         3
   d - Ice Form                       Ice/Transmutation            4
   e - Blade Hands                    Transmutation                5
 e - a book of the Tempests

   Spells                             Type                      Level
   a - Static Discharge               Conjuration/Air              3
   b - Lightning Bolt                 Conjuration/Air              5
   c - Fireball                       Conjuration/Fire             5
   d - Tornado                        Air                          9
   e - Shatter                        Earth                        9
Comestibles
 c - 4 bread rations
 p - a chunk of flesh
 x - 2 beef jerkies


   Skills:
 + Level 1.7 Fighting
 * Level 3.5 Dodging
 * Level 4.3 Stealth
 * Level 3.8 Unarmed Combat
 + Level 2.9 Spellcasting
 * Level 3.5 Transmutations


You couldn't memorise any spells.
You knew the following spells:

 Your Spells              Type           Power        Failure   Level  Hunger
a - Beastly Appendage     Trmt           ##....       6%          1    #......
b - Spider Form           Trmt/Pois      #.........   34%         3    ###....
c - Sticks to Snakes      Trmt           ##......     10%         2    ##.....
d - Ice Form              Ice/Trmt       #.......     93%         4    #####..


Dungeon Overview and Level Annotations

Branches:
Dungeon (5/15)
 Temple: D:4-7

Altars:
Fedhas
Nemelex Xobeh
Okawaru
Qazlal

Annotations:
D:4 Typee's ghost, amateur OpVM


Innate Abilities, Weirdness & Mutations

You cannot wear most types of armour.
You are amphibious.
You can wear up to eight rings at the same time.
You can use your tentacles to constrict eight enemies at once.
Your skin changes colour to match your surroundings (Stealth).
Your rubbery body absorbs attacks (AC +1).


Message History

The orc hits you from afar with a trident.
The adder bites you.
* * * LOW HITPOINT WARNING * * *
You are poisoned.
The adder poisons you! The orc barely misses you.
Drink which item? (? for menu, Esc to quit)
It was a potion of degeneration.
There was something very wrong with that liquid.
You feel weakened.
You feel dopey.
You feel clumsy.
You feel sick. The adder bites you.
* * * LOW HITPOINT WARNING * * *
You are more poisoned.
The adder poisons you!
The orc hits you from afar with a trident.
* * * LOW HITPOINT WARNING * * *
The orc misses you.
Drink which item? (? for menu, Esc to quit)
It was a potion of resistance.
You feel protected.
You die...

.....#.#.# #.###.............#
.......#.###..##.............####
....#..........#.................
....#.###......#.................
#.###.# #......#.##########......
#.###.# #####.##.# #......
#.....# . #).#)# #.....: ####..#
.. ##.#.# ####### ..#...#
...##.#@# #.#..## ......So#
#.#####.......o..#
#................#######
######.................# ....#
.......>......# ..[.#
.............!# ....#
$.............# ....#
..............#


You could see an adder and 2 orcs.

Vanquished Creatures
  A hound (D:4)
  2 orc wizards (D:4)
  An iguana (D:4)
  Terence (D:3)
  3 worker ants (D:4)
  A gnoll (D:1)
  7 adders
  2 oozes
  A worm (D:4)
  2 dart slugs
  2 giant geckos
  An orc (D:4)
  10 bats
  3 giant cockroaches
  3 goblins (D:1)
  7 hobgoblins
  12 kobolds
  A ball python (D:3)
  6 giant newts
  4 rats
  A plant (D:2)
71 creatures vanquished.

Vanquished Creatures (collateral kills)
  A bat (D:2)
1 creature vanquished.

Grand Total: 72 creatures vanquished

Notes
Turn   | Place    | Note
--------------------------------------------------------------
     0 | D:1      | juanjsm the Octopode Transmuter began the quest for the Orb.
     0 | D:1      | Reached XP level 1. HP: 13/13 MP: 3/3
    53 | D:1      | Reached XP level 2. HP: 8/18 MP: 1/5
   530 | D:1      | Reached XP level 3. HP: 22/23 MP: 4/6
   532 | D:1      | Reached skill level 1 in Stealth
   539 | D:1      | Learned a level 3 spell: Spider Form
  1075 | D:1      | Reached skill level 2 in Stealth
  1359 | D:2      | Found an iron altar of Okawaru.
  1609 | D:2      | Found a blossoming altar of Fedhas.
  1613 | D:2      | Found a stormy altar of Qazlal.
  1653 | D:2      | Learned a level 2 spell: Sticks to Snakes
  1661 | D:2      | Reached XP level 4. HP: 26/28 MP: 3/7
  1768 | D:2      | Reached skill level 3 in Stealth
  2361 | D:3      | Found a sparkling altar of Nemelex Xobeh.
  2439 | D:5      | Entered Level 5 of the Dungeon
  2615 | D:3      | Noticed Terence
  2641 | D:3      | Killed Terence
  2641 | D:3      | Reached XP level 5. HP: 10/33 MP: 1/8
  3300 | D:4      | Reached XP level 6. HP: 31/38 MP: 5/10
  3526 | D:4      | Learned a level 4 spell: Ice Form
  3663 | D:4      | Reached skill level 4 in Stealth
  3789 | D:4      | Noticed Typee's ghost (amateur OpVM)
  4071 | D:4      | HP: 1/39 [orc/trident (2)]
  4072 | D:4      | Succumbed to an adder's poison

Skill      XL: |  1  2  3  4  5  6 |
---------------+-------------------+-----
Stealth        | 2 3 4 |  4.3
Transmutations | 3 |  3.5
Dodging        | 3 |  3.5
Fighting       | |  1.7
Unarmed Combat | |  3.8
Spellcasting   | |  2.9

Action                   |  1- 3 |  4- 6 || total
-------------------------+-------+-------++-------
Melee: Unarmed           |    74 |   153 ||   227
       Kick              |    22 |    27 ||    49
       Constrict         |    18 |    21 ||    39
       Tentacles         |     9 |    24 ||    33
       Punch             |     4 |     4 ||     8
Throw: Stone             |     1 |       ||     1
 Cast: Beastly Appendage |    20 |    24 ||    44
       Sticks to Snakes  |     1 |     5 ||     6
       Spider Form       |       |     3 ||     3
  Use: Scroll            |       |     5 ||     5
       Potion            |       |     4 ||     4
 Stab: Sleeping          |     5 |    12 ||    17
  Eat: Chunk             |     3 |     8 ||    11
Armor: Skin              |     7 |     5 ||    12
Dodge: Dodged            |    48 |    90 ||   138
